 Dungeon Crawl Stone Soup version 0.21.1-1-g345015f (webtiles) character file.

215 kae the Insei (level 5, 0/42 HPs)
             Began as a Draconian Transmuter on June 4, 2018.
             Was an Initiate of Okawaru.
             Killed by divine providence
             ... invoked by an orc priest
              (13 damage)
             ... on level 4 of the Dungeon.
             The game lasted 00:02:12 (3498 turns).

kae the Insei (Draconian Transmuter)                Turns: 3498, Time: 00:02:13

Health: 0/42       AC:  2    Str: 12    XL:     5   Next: 60%
Magic:  6/9        EV: 20    Int: 13    God:    Okawaru [......]
Gold:   162        SH:  0    Dex: 18    Spells: 3/9 levels left

rFire    + . .     SeeInvis .     - Unarmed
rCold    + . .     Gourm    .   (shield currently unavailable)
rNeg     . . .     Faith    .   (armour unavailable)
rPois    .         Spirit   .   (helmet currently unavailable)
rElec    +         Reflect  .   (cloak currently unavailable)
rCorr    +         Harm     .   (gloves currently unavailable)
MR       .....                  (boots currently unavailable)
Stlth    ++........             (no amulet)
HPRegen  0.14/turn              (no ring)
MPRegen  0.11/turn              (no ring)

@: spider-form (expiring), resistant
A: tiny, unfitting armour, AC +5
a: End Transformation, Renounce Religion


You were on level 4 of the Dungeon.
You worshipped Okawaru.
Okawaru was noncommittal.
You were not hungry.
You were a venomous arachnid creature.
You visited 1 branch of the dungeon, and saw 4 of its levels.

You collected 162 gold pieces.

Inventory:

Missiles
 a - 27 arrows
Armour
 d - a +1 pair of gloves (melded)
Scrolls
 g - a scroll of enchant armour
 i - a scroll of magic mapping
Potions
 e - a potion of haste
 f - a potion of resistance
 h - a potion of flight
 j - a potion of curing
 m - a potion of magic
 o - a potion of agility {unknown}
 p - a potion of might {unknown}
Books
 b - a book of Changes

   Spells                             Type                      Level
   a - Beastly Appendage              Transmutation                1
   b - Sticks to Snakes               Transmutation                2
   c - Spider Form                    Transmutation/Poison         3
   d - Ice Form                       Ice/Transmutation            4
   e - Blade Hands                    Transmutation                5
Comestibles
 c - 9 rations
 k - 5 chunks of flesh


   Skills:
 + Level 2.4 Fighting
 + Level 2.5 Dodging
 * Level 4.2 Unarmed Combat
 + Level 2.7 Spellcasting
 * Level 3.5 Transmutations


You had 3 spell levels left.
You knew the following spells:

 Your Spells              Type           Power        Failure   Level  Hunger
a - Beastly Appendage     Tmut           ##....       16%         1    #......
b - Sticks to Snakes      Tmut           ##......     22%         2    ###....
c - Spider Form           Tmut/Pois      #.........   56%         3    ###....


Dungeon Overview and Level Annotations

Branches:
Dungeon (4/15)
 Temple: D:4-7

Altars:
Dithmenos
Kikubaaqudgha
Makhleb
Okawaru
Qazlal
Xom
The Shining One


Innate Abilities, Weirdness & Mutations

((Your plain brown scales are hard. (AC +5)))
You cannot fit into any form of body armour.
((You are cold-blooded and may be slowed by cold attacks.))


Message History

You hit the orc priest but do no damage.
The orc priest looks as sick as possible!
The orc priest is lightly wounded.
The orc priest invokes the aid of Beogh against you.
Pain shoots through your body!
The orc wizard mumbles some strange words.
The orc wizard blinks!
You barely miss the orc priest.
The orc priest is heavily wounded.
The orc priest completely misses you.
The orc priest invokes the aid of Beogh against you.
Beogh smites you!
You hit the orc priest.
The orc priest looks as sick as possible!
The orc priest is severely wounded.
You kill the orc priest!
Okawaru accepts your kill.
The orc priest invokes the aid of Beogh against you.
Beogh smites you!
You die...

#.##.....#
#.######.# #.# #.#
...#######.#### #.#
...#.)........# #.#
#..#.############.#
#..#.# #.>....# #
#.o#.# #.####.#
#.#.o#s# #.# #.#
#.#..#)# ###.# ###
#....oo# #...#
#...o..## #.#.#
#..#......'# #.###
.........#####.#
#.###.......##.#
###.# #.......##<#
.)...##.......####


You could see 2 orc priests and an orc.

Vanquished Creatures
  An ogre (D:4)
  An orc priest (D:4)
  Terence (D:2)
  3 adders
  A dart slug (D:1)
  2 leopard geckos
  2 giant cockroaches
  3 hobgoblins
  4 jackals (D:2)
  8 kobolds
  A quokka (D:2)
  2 ball pythons
  2 bats (D:1)
  2 frilled lizards
  7 goblins
  6 rats
46 creatures vanquished.

Notes
Turn   | Place    | Note
-------+----------+-------------------------------------------
     0 | D:1      | kae the Draconian Transmuter began the quest for the Orb.
     0 | D:1      | Reached XP level 1. HP: 16/16 MP: 3/3
   494 | D:1      | Reached XP level 2. HP: 13/23 MP: 3/5
   628 | D:1      | Learned a level 2 spell: Sticks to Snakes
  1420 | D:2      | Reached XP level 3. HP: 28/28 MP: 4/6
  1425 | D:2      | Learned a level 3 spell: Spider Form
  1452 | D:2      | Found an iron altar of Okawaru.
  1477 | D:2      | Became a worshipper of Warmaster Okawaru
  1482 | D:2      | Found a burning altar of Makhleb.
  1648 | D:2      | Noticed Terence
  1663 | D:2      | Killed Terence
  1663 | D:2      | Reached XP level 4. HP: 9/36 MP: 4/7
  2120 | D:2      | Found a shadowy altar of Dithmenos.
  2800 | D:3      | Found an ancient bone altar of Kikubaaqudgha.
  2802 | D:3      | Found a shimmering altar of Xom.
  2802 | D:3      | Found a hazy altar of Hepliaklqana.
  2804 | D:3      | Found a glowing golden altar of the Shining One.
  2804 | D:3      | Found a stormy altar of Qazlal.
  2804 | D:3      | Found an ancient bone altar of Kikubaaqudgha.
  3365 | D:4      | Noticed an ogre
  3378 | D:4      | Killed an ogre
  3378 | D:4      | Reached skill level 4 in Unarmed Combat
  3378 | D:4      | Reached XP level 5. HP: 41/41 MP: 1/8
  3498 | D:4      | Killed from afar by an orc priest

Skill      XL: |  1  2  3  4 |
---------------+-------------+-----
Dodging        | 2 |  2.5
Fighting       | 2 |  2.4
Transmutations | 3 |  3.5
Unarmed Combat | 4 |  4.2
Spellcasting   | |  2.7

Action                   |  1- 3 |  4- 6 || total
-------------------------+-------+-------++-------
Melee: Unarmed           |    99 |    70 ||   169
       Tailslap          |     7 |     6 ||    13
       Kick              |     2 |     5 ||     7
       Headbutt          |     9 |     1 ||    10
 Cast: Beastly Appendage |    18 |     8 ||    26
       Spider Form       |     1 |     4 ||     5
  Use: Scroll            |     3 |     8 ||    11
       Potion            |       |     2 ||     2
  Eat: Chunk             |     2 |     4 ||     6
       Ration            |       |     1 ||     1
Armor: Skin              |    34 |    11 ||    45
Dodge: Dodged            |    74 |    60 ||   134
